 Dungeon Crawl Stone Soup version 0.30.0-17-ge0270778cf (webtiles) character file.

Game seed: 14139826514552349182

52 safid the Chiller (level 3, -1/27 HPs)
             Began as a Merfolk Ice Elementalist on May 22, 2023.
             Slain by a sleepcap (7 damage)
             ... on level 4 of the Dungeon.
             The game lasted 00:02:39 (2550 turns).

safid the Chiller (Merfolk Ice Elementalist)        Turns: 2550, Time: 00:02:40

Health: -1/27      AC:  3    Str:  8    XL:     3   Next: 85%
Magic:  4/7        EV: 12    Int: 16    God:
Gold:   117        SH:  0    Dex: 14    Spells: 0/7 levels left

rFire   . . .        c - +0 hand axe
rCold   . . .        (no shield)
rNeg    + . .        a - +0 robe
rPois   .            (no helmet)
rElec   .            (no cloak)
rCorr   +            q - +0 pair of gloves
SInv    .            (no boots)
Will    .....        (no amulet)
Stlth   ++           d - ring of positive energy
HPRegen 0.24/turn    k - ring of resist corrosion
MPRegen 0.10/turn

%: no passive effects
@: no status effects
A: (nimble swimmer 2), mertail
a: no special abilities


You were on level 4 of the Dungeon.
You visited 1 branch of the dungeon, and saw 4 of its levels.

You collected 117 gold pieces.

Inventory:

Hand Weapons
 c - a +0 hand axe (weapon)
Missiles
 f - 3 curare-tipped darts
Armour
 a - a +0 robe (worn)
 q - a +0 pair of gloves (worn)
Jewellery
 d - a ring of positive energy (left hand)
 k - a ring of resist corrosion (right hand)
Scrolls
 e - 2 scrolls of silence {unknown}
 g - 2 scrolls of identify {unknown}
 h - a scroll of magic mapping {unknown}
 l - a scroll of vulnerability {unknown}
 n - a scroll of immolation {unknown}
 o - 2 scrolls of blinking {unknown}
 r - a scroll of noise {unknown}
 s - 2 scrolls of teleportation {unknown}
 t - a scroll of poison {unknown}
Potions
 b - 2 potions of magic
 i - 4 potions of curing {unknown}
 j - a potion of heal wounds {unknown}
 m - a potion of lignification {unknown}
 p - a potion of attraction {unknown}


   Skills:
 + Level 1.9 Fighting
 - Level 2.6 Dodging
 - Level 2.1 Stealth
 + Level 2.7 Spellcasting
 + Level 4.9 Ice Magic


You couldn't memorise any spells.
You knew the following spells:

 Your Spells              Type           Power      Damage    Failure   Level
a - Freeze                Ice            72%        1d8       2%          1
b - Frozen Ramparts       Ice            36%        1d6       8%          3
c - Ozocubu's Armour      Ice            18%        N/A       8%          3

Your spell library contained the following spells:

 Spells                   Type           Power      Damage    Failure   Level
 Apportation              Tloc           4%         N/A       19%         1
 Shock                    Conj/Air       8%         1d3       19%         1
 Swiftness                Air            2%         N/A       50%         3
 Summon Ice Beast         Ice/Summ       10%        N/A       56%         4
 Airstrike                Air            1%         2d(1-17)  88%         4
 Alistair's Intoxication  Tmut/Pois      1%         N/A       99%         5


Dungeon Overview and Level Annotations

Branches:
Dungeon (4/15)
 Temple: D:4-7

Altars:
Xom

Annotations:
D:2 1 runed translucent door, Crazy Yiuf


Innate Abilities, Weirdness & Mutations

((You are very nimble when in or above water. (Stealth+, EV+, Speed+++)))
Your lower body shifts to a powerful aquatic tail in water.


Message History

There is a stone staircase leading down here.
You climb downwards.
There is a stone staircase leading up here.
e - 2 scrolls labelled PINOIS HOZODI (gained 1)
Found a whip.
A sleepcap comes into view.
The sleepcap moves out of view.
The sleepcap barely misses you.
Casting: Freeze (safe; 2% risk of failure)
Confirm with . or Enter, or press ? or * to list all spells.
Aiming: Freeze (safe; 2% risk of failure)
Press: ? - help, Shift-Dir - straight line, f - sleepcap
Aim: a sleepcap You freeze the sleepcap.
The sleepcap is lightly damaged.
The sleepcap releases spores at you but does no damage.
Unknown command.
Casting: Freeze (safe; 2% risk of failure)
Confirm with . or Enter, or press ? or * to list all spells.
Aiming: Freeze (safe; 2% risk of failure)
Press: ? - help, Shift-Dir - straight line, f/p - sleepcap
Aim: a sleepcap (lightly damaged)
You freeze the sleepcap.
The sleepcap is moderately damaged.
The sleepcap releases spores at you!
You are engulfed in a cloud of soporific spores!
You fall asleep.
The sleepcap releases spores at you!
You wake up.
Ouch! That really hurt!
* * * LOW HITPOINT WARNING * * *
Unknown command.
Casting: Freeze (safe; 2% risk of failure)
Confirm with . or Enter, or press ? or * to list all spells.
Aiming: Freeze (safe; 2% risk of failure)
Press: ? - help, Shift-Dir - straight line, f/p - sleepcap
Aim: a sleepcap (moderately damaged)
You freeze the sleepcap!
The sleepcap is heavily damaged.
The sleepcap releases spores at you!
You die...

#.. ..# #.# #.#
#####.####.#
####.......##.#
#).......#....#####
#.##.##..####......
#.##.##.......#####
#....##.####### #
#.@####.# # #.f#
#.# #... ..# ##.##
### #.# #.# #.# #.#


You could see a sleepcap.

Vanquished Creatures
  An adder (D:3)
  3 dart slugs
  An orc (D:3)
  2 endoplasms
  5 giant cockroaches
  A goblin (D:1)
  3 hobgoblins
  2 kobolds (D:2)
  3 quokkas
  6 ball pythons
  2 bats (D:1)
  4 frilled lizards
33 creatures vanquished.

Notes
Turn   | Place    | Note
-------+----------+-------------------------------------------
     0 | D:1      | safid the Merfolk Ice Elementalist began the quest for the
                  | Orb.
     0 | D:1      | Reached XP level 1. HP: 13/13 MP: 3/3
   239 | D:1      | Reached XP level 2. HP: 20/20 MP: 3/5
   303 | D:1      | Reached skill level 1 in Fighting
  1131 | D:2      | Found a shimmering altar of Xom.
  1252 | D:2      | Reached XP level 3. HP: 26/26 MP: 4/6
  1394 | D:2      | Found a runed translucent door.
  1395 | D:2      | Noticed Crazy Yiuf
  1727 | D:3      | Learned a level 3 spell: Frozen Ramparts
  1731 | D:3      | Learned a level 3 spell: Ozocubu's Armour
  2550 | D:4      | Slain by a sleepcap

Illustrated notes

Levels and vault maps discovered:
D:1:      amcnicky_arrival_underground_garden, layout_basic
D:2:      layout_basic, basic_altar, uniq_crazy_yiuf_cottage
D:3:      layout_loops_ring
D:4:      layout_loops_cross, minmay_starry_boxes

Skill      XL: |  1  2 |
---------------+-------+-----
Fighting       | 1 |  1.9
Dodging        | |  2.6
Stealth        | |  2.1
Spellcasting   | |  2.7
Ice Magic      | |  4.9

Action                     || total
---------------------------++-------
  Melee: Unarmed           ||    38
         Hand axe          ||    33
         Punch             ||     2
   Cast: Freeze            ||    42
   Stab: Sleeping          ||     4
 Armour: Robe              ||    19
  Dodge: Dodged            ||    74
